 Dungeon Crawl Stone Soup version 0.30-a0-859-gf88a04b62d (webtiles) character file.

Game seed: 9420830174811469397

3872 Newt the Fighter (level 10, 0/124 HPs)
             Began as a Demonspawn Gladiator on Mar 6, 2023.
             Was an Initiate of Gozag.
             Succumbed to a killer bee's poison
             ... on level 9 of the Dungeon.
             The game lasted 00:08:23 (7260 turns).

Newt the Fighter (Demonspawn Gladiator)             Turns: 7260, Time: 00:08:23

Health: 0/124      AC: 14    Str: 18    XL:     10   Next: 0%
Magic:  9/9        EV:  8    Int: 12    God:    Gozag
Gold:   834        SH:  0    Dex: 15    Spells: 9/9 levels left

rFire   . . .      SeeInvis +    H - +3 falchion (elec)
rCold   + . .      Faith    +    (no shield)
rNeg    . . .      Spirit   .    F - +0 chain mail {Will+}
rPois   .          Reflect  .    (helmet restricted)
rElec   .          Rampage  .    (no cloak)
rCorr   .                        s - +2 pair of gloves
Will    +....                    E - +0 pair of boots Stlth
                                 f - amulet of faith
HPRegen 0.40/turn                h - ring of protection from cold
MPRegen 0.11/turn                (no ring)

@: mighty, berserking, lethally poisoned (0 -> -5), very quick
A: antennae 1, demonic guardian 1, ignite blood 1, big brain 1, see invisible,
low MP 1
a: Renounce Religion, Potion Petition, Call Merchant, Bribe Branch


You were on level 9 of the Dungeon.
You worshipped Gozag.
Gozag was pleased with you.
You visited 1 branch of the dungeon, and saw 7 of its levels.
You also visited: Sewer.

You collected 891 gold pieces.
You paid 57 gold pieces to Gozag.

Inventory:

Hand Weapons
 a - a +0 rapier
 u - a +0 club
 v - a +1 dagger of venom
 H - a +3 falchion of electrocution (weapon)
Missiles
 d - 2 throwing nets
 g - 8 boomerangs (quivered)
 k - 3 curare-tipped darts
 D - 2 poisoned darts
Armour
 b - a +0 leather armour
 c - a +0 helmet
 j - a +0 pair of gloves
 s - a +2 pair of gloves (worn)
 t - a +0 ring mail
 E - a +0 pair of boots (worn)
 F - a +0 chain mail of willpower (worn)
Jewellery
 f - an amulet of faith (around neck)
 h - a ring of protection from cold (left hand)
 I - a ring of positive energy
 J - a ring of flight
Wands
 q - a wand of acid (5)
 w - a wand of flame (23)
Scrolls
 y - 2 scrolls of enchant weapon
 K - a scroll of magic mapping
 L - a scroll of identify
Potions
 i - a potion of berserk rage
 l - a potion of haste
 m - 2 potions of attraction
 n - a potion of cancellation
 p - a potion of lignification {unknown}
 r - 2 potions of degeneration
 x - a potion of flight {unknown}
 z - 2 potions of brilliance
 A - 2 potions of mutation
 B - a potion of resistance {unknown}
 C - 2 potions of might


   Skills:
 - Level 9.5 Fighting
 - Level 6.1(7.4) Short Blades
 + Level 6.3(7.5) Long Blades
 - Level 6.0 Throwing
 - Level 5.0 Armour
 - Level 2.6 Dodging


You had 9 spell levels left.
You didn't know any spells.
Your spell library contained the following spells:

 Spells                   Type           Power      Damage    Failure   Level
 Apportation              Tloc           0%         N/A       98%         1
 Foxfire                  Conj/Fire      0%         2x1d4     98%         1
 Necrotise                Necr           0%         1d4       98%         1
 Sandblast                Erth           0%         2d4       98%         1
 Shock                    Conj/Air       0%         1d3       98%         1
 Summon Small Mammal      Summ           0%         N/A       98%         1
 Passwall                 Tmut/Erth      0%         N/A       99%         2
 Sublimation of Blood     Necr           0%         N/A       99%         2
 Dazzling Flash           Conj/Hex       0%         N/A       100%        3
 Stone Arrow              Conj/Erth      0%         3d7       100%        3
 Swiftness                Air            0%         N/A       100%        3
 Airstrike                Air            0%         2d(0-16)  100%        4
 Petrify                  Tmut/Erth      0%         N/A       100%        4
 Agony                    Necr           0%         N/A       100%        5
 Alistair's Intoxication  Tmut/Pois      0%         N/A       100%        5
 Arcjolt                  Conj/Air       0%         1d10      100%        5
 Irradiate                Conj/Tmut      0%         3d11      100%        5
 Silence                  Hex/Air        0%         N/A       100%        5
 Iron Shot                Conj/Erth      0%         9d1       100%        6
 Lehudib's Crystal Spear  Conj/Erth      0%         10d2      100%        8


Dungeon Overview and Level Annotations

Branches:
Dungeon (9/15)              Sewer (visited)
 Temple: D:4-7         Lair: D:8-11         Orc: D:9-12

Altars:
Gozag


Innate Abilities, Weirdness & Mutations

You have a pair of small antennae on your head.
A weak demonic guardian rushes to your aid.
Your demonic aura sometimes causes spilled blood to erupt in flames.
You have an unusually large brain. (Int +2)
You have supernaturally acute eyesight. (SInv)
Your magical capacity is low. (-10% MP)


Message History

The killer bee stings you but does no damage.
It was a potion of might.
You feel very mighty all of a sudden.
* * * LOW HITPOINT WARNING * * *
You feel very sick. The killer bee stings you.
* * * LOW HITPOINT WARNING * * *
A demonic guardian appears!
The killer bee barely misses you.
It was a potion of mutation.
You feel extremely strange.
You feel less energetic.
Your vision sharpens.
* * * LOW HITPOINT WARNING * * *
You feel very sick.
The killer bee stings you but does no damage.
The killer bee completely misses you.
Unknown command.
It was a potion of berserk rage.
A red film seems to cover your vision as you go berserk!
You feel yourself moving faster!
You feel mighty!
* * * LOW HITPOINT WARNING * * *
You feel very sick. The killer bee stings you.
* * * LOW HITPOINT WARNING * * *
The killer bee stings you.
* * * LOW HITPOINT WARNING * * *
Unknown command.
You are too berserk!
You closely miss the killer bee.
The killer bee is lightly wounded.
* * * LOW HITPOINT WARNING * * *
You feel sick.
The killer bee stings you but does no damage.
You miss the killer bee.
The killer bee is lightly wounded.
* * * LOW HITPOINT WARNING * * *
You feel sick. The killer bee stings you.
* * * LOW HITPOINT WARNING * * *
You closely miss the killer bee.
The killer bee is lightly wounded.
You die...
Your body crumbles into a pile of gold.

###.....#########
#####.........#
#####.....#
#.....#######. $
#.............
#.....#######.
#.....##
##......#
........@#
##..##.#y#
##....5.#
####...#
##.O.....#
#..>....#
.....#### .#.....
..O...##.


You could see a two-headed ogre, a killer bee (ally target) and a friendly iron
imp (summoned).

Vanquished Creatures
  A hydra (D:9)
  A two-headed ogre (D:8)
  Prince Ribbit (D:5)
  6 yaks (D:9)
  Pargi (Sewer)
  2 orc warriors
  2 black bears (D:4)
  A kobold brigand (D:5)
  3 wights (D:8)
  6 killer bees (D:9)
  A jelly (D:4)
  2 orc priests (D:8)
  3 hounds
  A sleepcap (D:4)
  A gnoll bouda (D:8)
  Natasha (thrice) (D:3)
  4 orc wizards
  4 gnolls (D:8)
  7 adders
  A shadow imp (D:8)
  2 worms (D:2)
  A dart slug (D:1)
  15 orcs
  4 ball pythons
  5 bats
  4 endoplasms
  5 giant cockroaches
  8 goblins
  6 hobgoblins
  2 jackals (D:1)
  16 kobolds
  4 quokkas
  5 frilled lizards
  5 rats
133 creatures vanquished.

Vanquished Creatures (collateral kills)
  A jelly (D:5)
1 creature vanquished.

Vanquished Creatures (others)
  4 toadstools (D:1)
4 creatures vanquished.

Grand Total: 138 creatures vanquished

Notes
Turn   | Place    | Note
-------+----------+-------------------------------------------
     0 | D:1      | Newt the Demonspawn Gladiator began the quest for the Orb.
     0 | D:1      | Reached XP level 1. HP: 16/16 MP: 1/1
   114 | D:1      | Found a faded altar of an unknown god.
   114 | D:1      | Noticed an eye of devastation
   119 | D:1      | Gained mutation: You have an unusually large brain. (Int
                  | +2) [demonic ancestry]
   119 | D:1      | Reached XP level 2. HP: 16/23 MP: 2/2
   154 | D:1      | Noticed a great orb of eyes
   157 | D:1      | Noticed a great orb of eyes
   157 | D:1      | Noticed a shining eye
   215 | D:1      | Reached skill level 3 in Fighting
  1013 | D:2      | Gained mutation: Your demonic aura sometimes causes spilled
                  | blood to erupt in flames. [demonic ancestry]
  1013 | D:2      | Reached XP level 3. HP: 29/29 MP: 3/3
  1204 | D:2      | Got the Reference Book on Energy
  1286 | D:2      | HP: 1/30 [worm (7)]
  1525 | D:2      | Reached skill level 4 in Fighting
  1741 | D:3      | Reached skill level 9 in Fighting
  1741 | D:3      | Reached XP level 4. HP: 46/46 MP: 4/4
  1861 | D:3      | Noticed Natasha
  1869 | D:3      | Killed Natasha
  1870 | D:3      | Reached XP level 5. HP: 46/52 MP: 5/5
  1926 | D:3      | Reached skill level 1 in Armour
  2081 | D:3      | Noticed Natasha
  2088 | D:3      | Killed Natasha
  2193 | D:3      | Noticed Natasha
  2207 | D:3      | Killed Natasha
  2449 | D:3      | Found an opulent altar of Gozag.
  2486 | D:3      | Became a worshipper of Gozag Ym Sagoz the Greedy
  2574 | D:3      | Identified the +4 mace "Utuicu" {holy, Int+3}
  2917 | D:4      | Noticed a black bear
  2929 | D:4      | Killed a black bear
  2930 | D:4      | Reached XP level 6. HP: 48/59 MP: 6/6
  3408 | D:4      | Gained mutation: A weak demonic guardian rushes to your
                  | aid. [demonic ancestry]
  3408 | D:4      | Reached XP level 7. HP: 52/64 MP: 7/7
  3574 | D:5      | Entered Level 5 of the Dungeon
  3739 | D:5      | Found a glowing drain.
  3778 | Sewer    | Entered a sewer
  3795 | Sewer    | Noticed Pargi
  3810 | Sewer    | Killed Pargi
  4197 | D:5      | Noticed Prince Ribbit
  4212 | D:5      | Killed Prince Ribbit
  4213 | D:5      | Reached skill level 5 in Armour
  4646 | D:5      | Reached XP level 8. HP: 71/71 MP: 8/8
  4710 | D:5      | You fall into a shaft and drop 3 floors!
  4979 | D:8      | HP: 2/60 [wight/+2 falchion of electrocution (13)]
  5796 | D:8      | Noticed a two-headed ogre
  5804 | D:8      | Killed a two-headed ogre
  5805 | D:8      | Reached skill level 1 in Long Blades
  5805 | D:8      | Gained mutation: You have a pair of small antennae on your
                  | head. [demonic ancestry]
  5805 | D:8      | Reached XP level 9. HP: 64/77 MP: 9/9
  6982 | D:9      | Reached skill level 5 in Long Blades
  7159 | D:9      | Noticed an eight-headed hydra
  7165 | D:9      | Killed an eight-headed hydra
  7166 | D:9      | Reached XP level 10. HP: 69/83 MP: 10/10
  7245 | D:9      | Noticed a green ugly thing
  7253 | D:9      | Noticed a two-headed ogre
  7256 | D:9      | Gained mutation: Your magical capacity is low. (-10% MP)
                  | [potion of mutation]
  7256 | D:9      | Gained mutation: You have supernaturally acute eyesight.
                  | (SInv) [potion of mutation]
  7257 | D:9      | HP: 6/124 [killer bee (2)]
  7259 | D:9      | HP: 1/124 [killer bee (4)]
  7260 | D:9      | Succumbed to a killer bee's poison

Illustrated notes

Levels and vault maps discovered:
D:1:      ldierk_walled_garden_2, layout_basic,
          hellmonk_ecumenical_altar_watching_god
D:2:      layout_basic, basic_altar
D:3:      layout_basic, amcnicky_altar_gilded, minmay_misc_feat_iff,
          uniq_natasha
D:4:      layout_basic
D:5:      layout_loops_cross, nicolae_overflow_hallway_of_the_gods,
          gup_sewer_entry_glass, minmay_misc_feat_five, kennysheep_dice,
          uniq_prince_ribbit1
D:8:      layout_basic, corexii_leaking_fountain
D:9:      layout_rooms, serial_corexii_hall, corexii_hall_statues_l,
          chequers_hall_statues_corner_a, kb_rosetta, uniq_joseph

Skill      XL: |  1  2  3  4  5  6  7  8  9 |
---------------+----------------------------+-----
Fighting       | 3 9 |  9.5
Short Blades   | 6 |  6.1
Armour         | 2 3 5 |  5.0
Throwing       | 2 6 |  6.0
Long Blades    | 1 6 |  6.3
Dodging        | |  2.6

Action                     |  1- 3 |  4- 6 |  7- 9 | 10-12 || total
---------------------------+-------+-------+-------+-------++-------
  Melee: Rapier            |   119 |    57 |       |       ||   176
         Punch             |     2 |       |     2 |       ||     4
         Dagger            |       |    88 |   181 |       ||   269
         Falchion          |       |       |   135 |     6 ||   141
  Throw: Javelin           |     1 |       |     1 |       ||     2
         Throwing net      |     1 |       |     3 |       ||     4
         Dart              |       |       |     3 |       ||     3
         Boomerang         |       |       |    19 |       ||    19
  Evoke: Wand              |       |       |     2 |       ||     2
    Use: Scroll            |     3 |     5 |     2 |     2 ||    12
         Potion            |     1 |     3 |     1 |     3 ||     8
   Stab: Sleeping          |     2 |     1 |       |       ||     3
         Distracted        |       |       |     2 |       ||     2
 Armour: Leather armour    |    26 |    20 |       |       ||    46
         Ring mail         |       |     8 |    40 |       ||    48
         Chain mail        |       |       |   110 |    11 ||   121
  Dodge: Dodged            |    65 |    68 |   143 |     7 ||   283

Table legend: (Time is in decaauts)
 A = Elapsed time spent in this place.
 B = Non-inter-level travel time spent in this place.
 C = Inter-level travel time spent in this place.
 D = Time resting spent in this place.
 E = Time spent auto-exploring this place.
 F = Levels seen in this place.
 G = Mean time per level.
                   A        B        C        D        E       F      G
               +--------+--------+--------+--------+--------+-----+--------+
         Total |   7187 |   7056 |    131 |   1634 |   4310 |   8 |  898.4 |
       Dungeon |   6816 |   6685 |    131 |   1443 |   4188 |   7 |  973.7 |
         Sewer |    371 |    371 |      0 |    191 |    122 |   1 |  371.0 |
               +--------+--------+--------+--------+--------+-----+--------+

Top non-repeatable levels by time:
     D:8: 1801 daAuts
     D:3: 1008 daAuts
     D:1: 1002 daAuts
     D:4: 794 daAuts
     D:2: 741 daAuts
     D:5: 735 daAuts
     D:9: 732 daAuts
   Sewer: 371 daAuts
